Map: Overgrowth LE (Void)

Players

Veryn - Winner!

  • Race: Protoss Protoss
  • League: Master
  • Spawn Location: 1:00

A.I. 1 (Very Easy)

  • Race: Terran Terran
  • Spawn Location: 7:00

VOD

Have the link to the VOD?

Description

Time

  • Played on: Jan. 13, 2017, 7:46 a.m.
  • Length: 6:15
Show
View Real Time Build Order
Export as new Build Order

Veryn Protoss - Winner!

Build Orders: 1 Gate Expand, Mass Adepts 

Get SALT Encoding   

  12  0:00  Probe (Chrono Boost)  
  13  0:14  Probe (Chrono Boost)  
  13  0:19  Pylon  
  14  0:25  Probe (Chrono Boost)  
  15  0:37  Probe (Chrono Boost)  
  15  0:38  Gateway  
  16  0:48  Probe (Chrono Boost)  
  17  0:58  Probe (Chrono Boost)  
  18  1:10  Nexus  
  18  1:16  Nexus  
  18  1:20  Probe (Chrono Boost)  
  19  1:29  Cybernetics Core  
  19  1:33  Assimilator  
  19  1:38  Assimilator  
  19  1:42  Probe (Chrono Boost)  
  20  1:47  Pylon  
  20  1:52  Probe (Chrono Boost)  
  21  2:03  Probe (Chrono Boost)  
  21  2:05  Adept  
  23  2:13  Probe (Chrono Boost)  
  23  2:15  Warp Gate  
  24  2:24  Probe (Chrono Boost)  
  24  2:28  Probe (Chrono Boost)  
  26  2:33  Twilight Council  
  26  2:36  Probe (Chrono Boost)  
  27  2:39  Probe (Chrono Boost)  
  28  2:47  Probe (Chrono Boost)  
  28  2:49  Probe (Chrono Boost)  
  30  2:52  Robotics Facility  
  30  2:57  Probe (Chrono Boost)  
  31  2:59  Resonating Glaives  
  31  3:00  Probe (Chrono Boost)  
  32  3:09  Probe (Chrono Boost)  
  32  3:10  Probe (Chrono Boost)  
  34  3:18  Gateway  
  34  3:20  Gateway  
  34  3:25  Probe (Chrono Boost)  
  34  3:26  Probe (Chrono Boost)  
  36  3:35  Warp Prism  
  36  3:40  Mothership Core (Chrono Boost)  
  40  3:47  Gateway x2  
  40  3:55  Gateway  
  40  3:58  Gateway  
  40  4:06  Pylon  
  40  4:09  Pylon  
  40  4:10  Observer  
  40  4:11  Pylon  
  41  4:22  Adept x2  
  45  4:24  Adept  
  45  4:31  Observer  
  48  4:53  Adept x4  
  48  4:54  Adept x3  
  62  5:14  Adept x4  
Show
View Real Time Build Order
Export as new Build Order

A.I. 1 (Very Easy) Terran 

Build Orders: Reaper Expand 

Get SALT Encoding   

  12  0:00  SCV  
  13  0:13  SCV  
  14  0:19  Supply Depot  
  14  0:46  Barracks  
  14  1:05  Command Center  
  14  1:32  Supply Depot  
  14  1:36  Orbital Command, Marine  
  14  1:38  Refinery  
  15  1:49  Refinery  
  15  2:02  SCV  
  16  2:14  SCV  
  17  2:18  Reaper, SCV  
  19  2:26  SCV  
  20  2:32  SCV  
  21  2:39  SCV  
  21  2:42  Refinery  
  22  2:46  SCV  
  23  2:54  SCV  
  24  3:01  SCV, Marine  
  26  3:08  SCV  
  27  3:14  Factory  
  27  3:15  SCV  
  28  3:40  Refinery, SCV  
  29  3:45  Marine  
  29  3:47  SCV  
  31  3:54  SCV  
  32  3:57  Supply Depot  
  32  3:59  Starport  
  32  4:01  SCV  
  33  4:09  SCV  
  34  4:16  SCV  
  35  4:23  SCV  
  36  4:29  Marine  
  36  4:31  SCV  
  38  4:38  Starport Tech Lab, SCV  
  39  4:41  Supply Depot  
  39  4:45  SCV  
  40  4:52  SCV  
  41  4:56  Raven  
  44  5:00  SCV, Hellion  
  44  5:06  Supply Depot  
  43  5:07  SCV  
  30  5:14  SCV  
  28  5:21  SCV  
  22  5:28  SCV  
  22  5:29  Hellion  
  24  5:43  SCV  
  21  5:55  SCV  
Tags
 
Add a new tag
Caveats
  • Supply blocks, unpowered buildings, or Contaminate may cause inaccurate times.
  • Supply counts are checked every 10 seconds.